 Dungeon Crawl Stone Soup version 0.25-a0-50-gf0389da217 (webtiles) character file.

Game seed: 5915510157162211408, levelgen mode: deterministic

10542 Mort the Severer (level 11, 0/102 HPs)
             Began as a Hill Orc Monk on Oct 24, 2019.
             Was an Elder of Beogh.
             Slain by Mort's ghost (16 damage)
             ... on level 11 of the Dungeon.
             The game lasted 00:48:43 (17058 turns).

Mort the Severer (Hill Orc Monk)                   Turns: 17058, Time: 00:48:44

Health: 0/102      AC: 16    Str: 18    XL:     11   Next: 63%
Magic:  18/19      EV:  5    Int: 10    God:    Beogh [****..]
Gold:   723        SH:  3    Dex: 13    Spells: 10/10 levels left

rFire    . . .     SeeInvis .   r - +0 war axe
rCold    + . .     Gourm    .   (no shield)
rNeg     + . .     Faith    .   V - +3 plate armour {rN+}
rPois    .         Spirit   .   m - +1 helmet
rElec    .         Reflect  +   (no cloak)
rCorr    .         Harm     .   (no gloves)
MR       +....                  C - +0 pair of boots
Stlth    ..........             F - +3 amulet of reflection
HPRegen  0.27/turn              K - ring of protection from magic
MPRegen  0.16/turn              p - ring of protection from cold

@: lightly drained
A: no striking features
a: Smiting, Recall Orcish Followers, Renounce Religion


You were on level 11 of the Dungeon.
You worshipped Beogh.
Beogh was greatly pleased with you.
You were not hungry.

You visited 2 branches of the dungeon, and saw 12 of its levels.
You also visited: Sewer.

You collected 723 gold pieces.

Inventory:

Hand Weapons
 a - a +0 hand axe
 r - a +0 war axe (weapon)
 s - the cursed +2 falchion of Eternal Vigilance {drain, +Blink rC+}
   (You found it on level 4 of the Dungeon)

   A truly terrible weapon, it drains the life of those it strikes.
   It protects you from cold.
   It lets you blink.
   It has a curse placed upon it.
 I - a +2 glaive of protection
 Q - a +0 broad axe
 U - the +3 trident of Uvod {vamp, Int+5, unknown}
   (You found it on level 11 of the Dungeon)

   It inflicts no extra harm, but heals its wielder when it wounds a living foe.
   It affects your intelligence (+5).
Missiles
 o - 288 stones (quivered)
 D - 32 poisoned darts
 J - 2 throwing nets
Armour
 b - a +0 robe
 k - a +0 chain mail
 m - a +1 helmet (worn)
 C - a +0 pair of boots (worn)
 P - a +0 large shield
 V - a +3 plate armour of positive energy (worn)
Jewellery
 f - an uncursed amulet of magic regeneration
 p - a ring of protection from cold (right hand)
 t - a +4 ring of dexterity
 y - an uncursed ring of protection from cold
 z - an uncursed ring of protection from cold
 A - an uncursed ring of positive energy
 F - a +3 amulet of reflection (around neck)
 K - a ring of protection from magic (left hand)
 M - an uncursed ring of stealth
Wands
 G - a wand of acid (14)
 S - a wand of disintegration (13)
Scrolls
 e - 2 scrolls of noise
 h - 5 scrolls of remove curse
 l - 3 scrolls of enchant armour
 u - 2 scrolls of amnesia
 w - 5 scrolls of teleportation {unknown}
 B - 2 scrolls of magic mapping
 E - 3 scrolls of identify
 H - 4 scrolls of fear {unknown}
 L - a scroll of random uselessness {unknown}
 N - 2 scrolls of enchant weapon {unknown}
 O - a scroll of torment {unknown}
 R - 2 scrolls of fog {unknown}
 T - a scroll of holy word {unknown}
Potions
 d - a potion of haste {unknown}
 g - 3 potions of agility {unknown}
 i - 2 potions of flight {unknown}
 j - 7 potions of curing
 n - a potion of might {unknown}
 q - 2 potions of cancellation {unknown}
 v - 2 potions of berserk rage {unknown}
 x - 2 potions of lignification {unknown}
Comestibles
 c - 14 rations


   Skills:
 + Level 11.0(10.8) Fighting
 * Level 15.7(15.4) Axes
 - Level 2.4(2.2) Dodging
 - Level 2.5(2.3) Stealth
 + Level 4.6(4.4) Shields
 + Level 10.7(10.5) Invocations


You had 10 spell levels left.
You didn't know any spells.
Your spell library contained the following spells:

 Spells                   Type           Power        Failure   Level  Hunger
 Beastly Appendage        Tmut           #.....       100%        1    ##.....
 Confusing Touch          Hex            #.....       100%        1    ##.....
 Corona                   Hex            #......      100%        1    ##.....
 Infusion                 Chrm           #...         100%        1    ##.....
 Magic Dart               Conj           #...         100%        1    ##.....
 Shock                    Conj/Air       #...         100%        1    ##.....
 Ensorcelled Hibernation  Hex/Ice        #.....       100%        2    ###....
 Searing Ray              Conj           #.....       100%        2    ###....
 Shroud of Golubria       Chrm/Tloc      #.....       100%        2    ###....
 Song of Slaying          Chrm           #.......     100%        2    ###....
 Sticks to Snakes         Tmut           #.......     100%        2    ###....
 Swiftness                Chrm/Air       #.......     100%        2    ###....
 Confuse                  Hex            #.......     100%        3    ####...
 Dazzling Spray           Conj/Hex       #.....       100%        3    ####...
 Gell's Gravitas          Tloc           #.........   100%        3    ####...
 Regeneration             Chrm/Necr      #.........   100%        3    ####...
 Spectral Weapon          Hex/Chrm       #.......     100%        3    ####...
 Spider Form              Tmut/Pois      #.........   100%        3    ####...
 Static Discharge         Conj/Air       #.......     100%        3    ####...
 Tukima's Dance           Hex            #.......     100%        3    ####...
 Airstrike                Air            #.........   100%        4    #####..
 Force Lance              Conj/Tloc      #.......     100%        4    #####..
 Fulminant Prism          Conj/Hex       #.........   100%        4    #####..
 Ice Form                 Ice/Tmut       #.......     100%        4    #####..
 Iskenderun's Mystic Bla  Conj           #.......     100%        4    #####..
 Petrify                  Tmut/Erth      #.......     100%        4    #####..
 Blade Hands              Tmut           #.........   100%        5    ######.
 Lightning Bolt           Conj/Air       #.........   100%        5    ######.
 Metabolic Englaciation   Hex/Ice        #.........   100%        5    ######.
 Yara's Violent Unravell  Hex/Tmut       #.........   100%        5    ######.


Dungeon Overview and Level Annotations

Branches:
Dungeon (11/15)            Temple (1/1) D:5            Lair (0/6) D:9
    Orc (0/2) D:11          Sewer (visited)

Altars:
Cheibriados
Dithmenos
Hepliaklqana
Nemelex Xobeh
Ru
Sif Muna
Uskayaw
Xom
Yredelemnul
Zin
The Shining One
Beogh

Shops:
D:7 !   D:8 *

Annotations:
D:11 Mort's ghost, journeyman FeVM


Message History

Your orc warrior hits the spectral wolf spider with a +0 short sword.
Your orc warrior hits the centaur zombie!
The centaur zombie is destroyed!
Beogh accepts your kill.
Your orc warrior looks more experienced.
The spectral wolf spider hits your orc warrior.
Your orc warrior dies!
Mort's ghost hits you.
* * * LOW HITPOINT WARNING * * *
Your orc warrior completely misses Mort's ghost.
You completely miss the spectral wolf spider.
The spectral wolf spider is almost destroyed.
You closely miss Mort's ghost. The spectral wolf spider hits you.
* * * LOW HITPOINT WARNING * * *
You partially resist.
You feel drained.
* * * LOW HITPOINT WARNING * * *
The spectral wolf spider bites you but does no damage.
Your orc warrior hits the centaur warrior simulacrum!!
Mort's ghost hits you!
You die...

#........########.
#########>..o.o......
#..#.#..#..##########
##.([(.##..# ##
#:......#.o# #.
##.....##..# #.
#.......#..# #.
###WZZ###..# #.
#..o@o)....# #.
####.......# ##
#########


You could see a spectral wolf spider, Mort's ghost, a centaur warrior simulacrum
and 2 friendly orc warriors.

Vanquished Creatures
  2 ugly things (D:11)
  Psyche (D:8)
  Grinder (D:4)
  4 slime creatures
  A meliai zombie (D:11)
  3 hippogriffs
  A centaur simulacrum (D:11)
  A shadow (D:11)
  4 yaks (D:11)
  Purgy (Sewer)
  2 sky beasts
  An orc warrior (D:8)
  3 ice beasts
  3 phantoms
  10 ogres
  3 centaurs
  6 big kobolds (D:11)
  5 bullfrogs
  A gnoll sergeant (D:6)
  A water moccasin skeleton (D:4)
  A scorpion (D:9)
  2 killer bees (D:8)
  3 crimson imps
  A bullfrog zombie (D:5)
  A centaur zombie (D:6)
  A gnoll shaman (D:8)
  8 hounds
  2 centaur skeletons
  2 orc priests
  5 orc wizards
  2 bullfrog skeletons
  Ijyb (D:3)
  2 iguanas
  8 worker ants
  A killer bee zombie (D:7)
  A worker ant zombie (D:5)
  6 gnolls
  A howler monkey skeleton (D:5)
  11 adders
  4 shadow imps
  2 oozes
  2 adder skeletons
  4 worms
  4 dart slugs (D:2)
  8 leopard geckos
  28 orcs
  A ball python (D:2)
  5 giant cockroaches
  4 goblins
  12 hobgoblins
  11 jackals
  17 kobolds
  3 quokkas
  12 bats
  6 frilled lizards
  8 rats
  A plant (D:9)
245 creatures vanquished.

Vanquished Creatures (collateral kills)
  An orc knight (D:11)
  A spectral centaur (D:11)
  2 centaur zombies
  A kobold demonologist (D:11)
  A komodo dragon (D:9)
  2 slime creatures (D:10)
  A hippogriff (D:7)
  A wyvern (D:8)
  A yak (D:11)
  3 orc warriors
  An ogre (D:8)
  2 centaurs (D:7)
  11 big kobolds (D:11)
  A wyvern zombie (D:8)
  A hornet simulacrum (D:11)
  3 killer bees (D:8)
  A howler monkey (D:8)
  A crimson imp (D:7)
  A bullfrog zombie (D:8)
  A hound (D:7)
  A jelly (D:8)
  An orc wizard (D:7)
  3 orc priests
  3 worker ants
  2 iguanas
  2 hound skeletons
  3 adders
  3 gnolls (D:8)
  A shadow imp (D:7)
  A leopard gecko (D:9)
  16 orcs
  A giant cockroach (D:8)
  4 kobolds (D:11)
78 creatures vanquished.

Vanquished Creatures (others)
  2 orc knights (D:11)
  5 orc warriors
  An orc wizard (D:6)
  2 orc priests
  48 orcs
  A plant (D:9)
59 creatures vanquished.

Grand Total: 382 creatures vanquished

Notes
Turn   | Place    | Note
-------+----------+-------------------------------------------
     0 | D:1      | Mort the Hill Orc Monk began the quest for the Orb.
     0 | D:1      | Reached XP level 1. HP: 19/19 MP: 1/1
   222 | D:1      | Reached XP level 2. HP: 24/27 MP: 2/2
   783 | D:1      | Reached XP level 3. HP: 33/33 MP: 3/3
   938 | D:1      | Reached skill level 5 in Axes
  1368 | D:2      | Reached XP level 4. HP: 40/40 MP: 4/4
  1409 | D:2      | Found a faded altar of an unknown god.
  1653 | D:2      | Found a sacrificial altar of Ru.
  1695 | D:2      | Found a snail-covered altar of Cheibriados.
  2460 | D:2      | Found a shimmering blue altar of Sif Muna.
  2467 | D:2      | Reached XP level 5. HP: 42/47 MP: 5/5
  2630 | D:2      | Reached skill level 6 in Axes
  3169 | D:2      | Became a worshipper of Beogh the Brigand
  3169 | D:2      | Reached * piety under Beogh
  3169 | D:2      | Reached ** piety under Beogh
  3385 | D:3      | Noticed Ijyb
  3424 | D:3      | Killed Ijyb
  3777 | D:3      | Reached skill level 5 in Fighting
  4086 | D:4      | Reached skill level 7 in Axes
  4086 | D:4      | Reached skill level 1 in Invocations
  4086 | D:4      | Reached XP level 6. HP: 37/56 MP: 6/6
  4252 | D:4      | Noticed Grinder
  4266 | D:4      | Killed Grinder
  4266 | D:4      | Reached XP level 7. HP: 38/61 MP: 0/8
  4395 | D:4      | Reached skill level 8 in Axes
  5064 | D:4      | Reached skill level 9 in Axes
  5177 | D:4      | Got a crude falchion
  5295 | D:4      | Reached XP level 8. HP: 51/71 MP: 9/11
  5890 | D:5      | Entered Level 5 of the Dungeon
  5891 | D:5      | Found a staircase to the Ecumenical Temple.
  5909 | Temple   | Entered the Ecumenical Temple
  5993 | D:5      | Reached skill level 10 in Axes
  5993 | D:5      | Reached skill level 5 in Invocations
  6431 | D:5      | Found a hazy altar of Hepliaklqana.
  6432 | D:5      | Found a shimmering altar of Xom.
  6433 | D:5      | Noticed a spectral ugly thing
  7126 | D:6      | Reached skill level 11 in Axes
  7126 | D:6      | Reached XP level 9. HP: 38/79 MP: 13/13
  7149 | D:6      | Found a glowing drain.
  7153 | Sewer    | Entered a sewer
  7330 | Sewer    | Noticed Purgy
  7341 | Sewer    | Killed Purgy
  7341 | Sewer    | Reached *** piety under Beogh
  7391 | Sewer    | Identified the cursed +2 falchion of Eternal Vigilance
                  | {drain, +Blink rC+} (You found it on level 4 of the
                  | Dungeon)
  7561 | D:6      | Found a sparkling altar of Nemelex Xobeh.
  8152 | D:6      | Found a basalt altar of Yredelemnul.
  8787 | D:6      | Reached skill level 12 in Axes
  9441 | D:7      | HP: 4/82 [centaur/arrow (1)]
 10509 | D:7      | Found Hyph's Distillery.
 11127 | D:7      | Found a hide-covered altar of Uskayaw.
 11307 | D:8      | Reached skill level 13 in Axes
 11307 | D:8      | Reached XP level 10. HP: 67/91 MP: 16/16
 11340 | D:8      | Noticed Psyche
 11343 | D:8      | Killed Psyche
 11525 | D:8      | Reached **** piety under Beogh
 11903 | D:8      | Found Zin's Purification Station.
 11908 | D:8      | Found a glowing silver altar of Zin.
 12413 | D:9      | Found a staircase to the Lair.
 12632 | D:9      | Reached skill level 14 in Axes
 13207 | D:10     | Entered Level 10 of the Dungeon
 13339 | D:10     | Found a roughly hewn altar of Beogh.
 13559 | D:10     | Found a roughly hewn altar of Beogh.
 13702 | D:10     | Reached skill level 1 in Shields
 13936 | D:10     | Reached skill level 10 in Fighting
 14245 | D:11     | Noticed a kobold demonologist
 14274 | D:11     | Killed a kobold demonologist
 14294 | D:11     | Reached XP level 11. HP: 49/100 MP: 18/18
 14572 | D:11     | Noticed a green ugly thing
 14578 | D:11     | Killed a green ugly thing
 14582 | D:11     | Reached ***** piety under Beogh
 14588 | D:11     | Gained Bogmar as an ally
 14725 | D:11     | Got a smoking trident
 14758 | D:11     | Found a roughly hewn altar of Beogh.
 14758 | D:11     | Noticed an orc knight
 14766 | D:11     | Reached skill level 10 in Invocations
 14777 | D:11     | Killed an orc knight
 14778 | D:11     | Found a staircase to the Orcish Mines.
 15085 | D:11     | Your ally Bogmar died
 15403 | D:11     | Reached skill level 15 in Axes
 16639 | D:11     | Noticed a white ugly thing
 16649 | D:11     | Killed a white ugly thing
 17035 | D:11     | Found a runed translucent gate.
 17035 | D:11     | Found a runed translucent gate.
 17035 | D:11     | Found a runed translucent gate.
 17035 | D:11     | Noticed Mort's ghost (journeyman FeVM)
 17058 | D:11     | Slain by Mort's ghost

Levels and vault maps discovered:
D:1:      tarquinn_simple_flora_water_f, layout_basic,
          hangedman_decor_clover_reticule, minmay_misc_feat_cross,
          minmay_misc_feat_nine_boxes
D:2:      layout_loops_ring, old_standard_altar, kennysheep_slug_shrine,
          led_sif_pool, chequers_ecumenical_altar_simple
D:3:      layout_basic, uniq_ijyb
D:4:      layout_loops_corners, uniq_grinder
D:5:      layout_loops_ring, regret_index_temple_of_mockery,
          minmay_temple_entry_waves, first_ration
D:6:      layout_basic, nicolae_overflow_hidden_temple, lemuel_crystal_altar,
          gup_sewer_entry_bowl
D:7:      layout_basic, basic_altar, serial_shops, nicolae_shop_behind_doors
D:8:      layout_cave_pools, zin_purify, uniq_psyche
D:9:      layout_roguey, david_lair_shrubbed
D:10:     layout_roguey [special_room_orc], special_room [special_room_orc]
D:11:     layout_basic, david_orc_5, special_room [special_room_kobold],
          gammafunk_ghost_necromancy
Temple:   jpeg_temple_clearing

Skill      XL: |  1  2  3  4  5  6  7  8  9 10 11 |
---------------+----------------------------------+-----
Stealth        | 2 |  2.5
Fighting       | 4 5 6 7 9 10 11 | 11.0
Axes           | 5 7 9 11 13 14 15 | 15.7
Invocations    | 1 2 4 6 8 9 10 | 10.7
Shields        | 2 4 |  4.6
Dodging        | |  2.4

Action                   |  1- 3 |  4- 6 |  7- 9 | 10-12 || total
-------------------------+-------+-------+-------+-------++-------
Melee: Hand axe          |    99 |   269 |   606 |       ||   974
       War axe           |       |       |    51 |   321 ||   372
Throw: Stone             |       |     9 |       |       ||     9
Invok: Convert to Beogh  |       |     1 |       |       ||     1
       Smiting           |       |     2 |     7 |     5 ||    14
       Recall Orcish Fol |       |       |       |    13 ||    13
       Stop Recall       |       |       |       |     7 ||     7
Evoke: Wand              |       |       |    14 |     2 ||    16
  Use: Scroll            |       |     6 |     3 |       ||     9
 Stab: Sleeping          |     5 |     5 |       |       ||    10
       Distracted        |       |       |       |     9 ||     9
  Eat: Chunk             |     1 |     9 |    17 |    11 ||    38
       Ration            |       |       |     2 |     2 ||     4
Armor: Robe              |    18 |    36 |       |       ||    54
       Chain mail        |       |    41 |   314 |   110 ||   465
       Plate armour      |       |       |       |    35 ||    35
Dodge: Dodged            |    77 |   134 |   177 |   101 ||   489
Block: Other             |       |       |       |    28 ||    28

Table legend:
 A = Non-vault XP
 B = Vault XP
 C = Vault XP percentage of total XP
 D = Non-vault monster count
 E = Vault monster count
 F = Vault count percentage of total count
                 A         B        C        D         E       F
            +---------+---------+-------+---------+---------+-------
      Total |   10865 |    4196 |  27.9 |     259 |      63 |  19.6
            +---------+---------+-------+---------+---------+-------
        D:1 |      57 |       0 |   0.0 |      28 |       0 |   0.0
        D:2 |     123 |       4 |   3.1 |      30 |       1 |   3.2
        D:3 |      93 |      36 |  27.9 |      21 |       1 |   4.5
        D:4 |     923 |     272 |  22.8 |      28 |       1 |   3.4
        D:5 |     749 |       0 |   0.0 |      21 |       0 |   0.0
        D:6 |    1104 |       7 |   0.6 |      28 |       4 |  12.5
        D:7 |    1026 |       0 |   0.0 |      24 |       0 |   0.0
        D:8 |    1490 |     389 |  20.7 |      34 |       1 |   2.9
        D:9 |     327 |     242 |  42.5 |       6 |       1 |  14.3
       D:10 |    1248 |     244 |  16.4 |       8 |      12 |  60.0
       D:11 |    3725 |    2856 |  43.4 |      31 |      36 |  53.7
      Sewer |       0 |     146 | 100.0 |       0 |       6 | 100.0
            +---------+---------+-------+---------+---------+-------
